 Dungeon Crawl Stone Soup version 0.30.1-11-g7821555f0a (webtiles) character file.

Game seed: 7262874661876938060

23 monsoonserge the Grasshopper (level 2, 0/22 HPs)
             Began as a Demonspawn Warper on Oct 28, 2023.
             Slain by an ufetubus (3 damage)
             ... on level 4 of the Dungeon.
             The game lasted 00:01:47 (833 turns).

monsoonserge the Grasshopper (Demonspawn Warper)     Turns: 833, Time: 00:01:47

Health: 0/22       AC:  3    Str: 11    XL:     2   Next: 72%
Magic:  5/5        EV: 11    Int: 14    God:
Gold:   48         SH:  0    Dex: 12    Spells: 5/5 levels left

rFire   . . .        a - +0 falchion
rCold   . . .        (no shield)
rNeg    . . .        b - +0 leather armour
rPois   .            (no helmet)
rElec   .            (no cloak)
rCorr   .            (no gloves)
SInv    .            (no boots)
Will    +....        (no amulet)
Stlth   +            m - ring of willpower
HPRegen 0.23/turn    (no ring)
MPRegen 0.09/turn

%: no passive effects
@: no status effects
A: demonic guardian 1
a: no special abilities


You were on level 4 of the Dungeon.
You visited 1 branch of the dungeon, and saw 3 of its levels.

You collected 48 gold pieces.

Inventory:

Hand Weapons
 a - a +0 falchion (weapon)
Missiles
 d - 7 boomerangs of dispersal (quivered)
 h - 5 poisoned darts
Armour
 b - a +0 leather armour (worn)
 i - a +0 chain mail
Jewellery
 m - a ring of willpower (left hand)
 p - an amulet of magic regeneration
Scrolls
 c - a scroll of blinking
 g - a scroll of poison {unknown}
 j - 2 scrolls of immolation {unknown}
 k - a scroll of amnesia {unknown}
 l - a scroll of vulnerability {unknown}
 n - a scroll of teleportation {unknown}
 o - a scroll of identify {unknown}
 q - a scroll of brand weapon {unknown}
Potions
 e - a potion of resistance {unknown}
 f - a potion of mutation {unknown}
 r - a potion of magic {unknown}


   Skills:
 + Level 2.1 Fighting
 + Level 2.1 Long Blades
 + Level 0.8 Throwing
 + Level 1.0 Armour
 + Level 2.2 Dodging
 + Level 2.0 Spellcasting
 + Level 3.0 Translocations


You had 5 spell levels left.
You didn't know any spells.
Your spell library contained the following spells:

 Spells                   Type           Power      Damage    Failure   Level
 Blink                    Tloc           18%        N/A       14%         2
 Lesser Beckoning         Tloc           18%        N/A       14%         2
 Teleport Other           Tloc           9%         N/A       26%         3
 Foxfire                  Conj/Fire      4%         2x1d4     30%         1
 Vhi's Electric Charge    Tloc/Air       10%        N/A       45%         3
 Manifold Assault         Tloc           9%         N/A       65%         4
 Fireball                 Conj/Fire      0%         3d3       100%        5
 Plasma Beam              Fire/Air       0%         2x1d11    100%        6
 Starburst                Conj/Fire      0%         6d3       100%        6


Dungeon Overview and Level Annotations

Branches:
Dungeon (2/15)

Altars:


Innate Abilities, Weirdness & Mutations

A weak demonic guardian rushes to your aid.


Message History

You kill the orc!
An ufetubus comes into view.
The hobgoblin closely misses you.
You see here a +0 whip.
You closely miss the hobgoblin. Your punch misses the hobgoblin.
The hobgoblin hits you.
You hit the hobgoblin.
The hobgoblin is almost dead.
The hobgoblin barely misses you.
You hit the hobgoblin.
You kill the hobgoblin!
The ufetubus hits you but does no damage.
The ufetubus closely misses you.
Your Armour skill increases to level 1!
You closely miss the ufetubus. The ufetubus closely misses you.
The ufetubus hits you. x2
The ufetubus hits you but does no damage.
You miss the ufetubus. The ufetubus closely misses you.
The ufetubus misses you.
You hit the ufetubus.
The ufetubus is moderately wounded.
The ufetubus completely misses you. The ufetubus hits you. x2
The ufetubus misses you.
You barely miss the ufetubus.
The ufetubus is moderately wounded.
The ufetubus hits you but does no damage.
The ufetubus misses you. The ufetubus barely misses you. The ufetubus hits you.
* * * LOW HITPOINT WARNING * * *
You miss the ufetubus.
The ufetubus is moderately wounded.
The ufetubus barely misses you. x3; The ufetubus hits you.
* * * LOW HITPOINT WARNING * * *
A demonic guardian appears!
Unknown command.
You hit the ufetubus but do no damage.
The ufetubus is moderately wounded.
The ufetubus barely misses you. The ufetubus hits you.
* * * LOW HITPOINT WARNING * * *
The ufetubus hits you.
You die...

##### #...# ### #...# #..
###...###....#
####..)......####
####....#...#######.
#.######g5@5####...........
.........######...........#
..................##......#
...........#####..##......#
.!.........# #..#####..##
.......5...# #..# ##..#
..........g# #.. ....
............ ####
............#


You could see an ufetubus (ally target), a hobgoblin and a friendly quasit
(summoned).

Vanquished Creatures
  A dart slug (D:1)
  An orc (D:4)
  2 ball pythons (D:1)
  2 endoplasms (D:1)
  A giant cockroach (D:1)
  3 goblins
  2 hobgoblins
  2 quokkas (D:1)
  A frilled lizard (D:1)
15 creatures vanquished.

Vanquished Creatures (collateral kills)
  A ball python (D:1)
  A frilled lizard (D:1)
2 creatures vanquished.

Grand Total: 17 creatures vanquished

Notes
Turn   | Place    | Note
-------+----------+-------------------------------------------
     0 | D:1      | monsoonserge the Demonspawn Warper began the quest for the
                  | Orb.
     0 | D:1      | Reached XP level 1. HP: 16/16 MP: 3/3
   285 | D:1      | Gained mutation: A weak demonic guardian rushes to your
                  | aid. [demonic ancestry]
   285 | D:1      | Reached XP level 2. HP: 20/22 MP: 5/5
   403 | D:1      | Found a faded altar of an unknown god.
   418 | D:1      | Reached skill level 3 in Translocations
   786 | D:2      | You fall into a shaft and drop 2 floors!
   828 | D:4      | Reached skill level 1 in Armour
   833 | D:4      | Slain by an ufetubus

Illustrated notes

Levels and vault maps discovered:
D:1:      dpeg_arrival_snail, layout_basic,
          hellmonk_ecumenical_altar_inner_sanctum
D:2:      layout_basic, uniq_crazy_yiuf_cottage, uniq_jessica
D:4:      layout_rooms, serial_shops, shop, hex_tiny, nicolae_shop_self_help

Skill      XL: |  1  2 |
---------------+-------+-----
Dodging        | 2 |  2.2
Long Blades    | 2 |  2.1
Translocations | 3 |  3.0
Armour         | 1 |  1.0
Fighting       | |  2.1
Throwing       | |  0.8
Spellcasting   | |  2.0

Action                     || total
---------------------------++-------
  Melee: Falchion          ||    72
         Punch             ||     1
 Armour: Leather armour    ||    21
  Dodge: Dodged            ||    50
